 Dungeon Crawl Stone Soup version 0.29.0-4-gdea44cf6ec (webtiles) character file.

Game seed: 4312983492393098748

89 qw the Chopper (level 4, -1/26 HPs)
             Began as a Tengu Warper on Aug 28, 2022.
             Slain by an orc
             ... wielding a +0 mace
              (5 damage)
             ... on level 2 of the Dungeon.
             The game lasted 00:00:13 (2050 turns).

qw the Chopper (Tengu Warper)                       Turns: 2050, Time: 00:00:13

Health: -1/26      AC:  5    Str: 14    XL:     4   Next: 55%
Magic:  8/8        EV: 11    Int: 13    God:
Gold:   102        SH:  0    Dex: 13    Spells: 7/7 levels left

rFire   . . .      SeeInvis .   Y - +0 hand axe (vorpal)
rCold   + . .      Faith    .   (no shield)
rNeg    . . .      Spirit   .   i - +0 ring mail {rC+}
rPois   .          Reflect  .   (helmet restricted)
rElec   .          Harm     .   (no cloak)
rCorr   .          Rampage  .   (no gloves)
Will    .....                   (boots unavailable)
Stlth   +.........              (no amulet)
HPRegen 0.08/turn               (no ring)
MPRegen 0.11/turn               (no ring)

@: about to teleport
A: beak, talons 3
a: no special abilities


You were on level 2 of the Dungeon.
You visited 1 branch of the dungeon, and saw 2 of its levels.

You collected 102 gold pieces.


Innate Abilities, Weirdness & Mutations

You have a beak for a mouth.
You have claws for feet.


   Skills:
 - Level 2.0 Fighting
 + Level 5.1 Axes
 - Level 1.0 Throwing
 - Level 1.1 Armour
 - Level 2.1 Dodging
 - Level 2.0 Spellcasting
 - Level 2.4 Translocations


You had 7 spell levels left.
You didn't know any spells.
Your spell library contained the following spells:

 Spells                   Type           Power      Damage    Failure   Level
 Blink                    Tloc           14%        N/A       30%         2
 Gell's Gravitas          Tloc           7%         N/A       52%         3
 Lesser Beckoning         Tloc           7%         N/A       52%         3
 Teleport Other           Tloc           7%         N/A       52%         3
 Manifold Assault         Tloc           7%         N/A       99%         5

Inventory:

Hand Weapons
 o - a +1 hammer of protection
 Y - a +0 vorpal hand axe (weapon)
Missiles
 j - 6 silver javelins (quivered)
Armour
 a - a +0 chain mail
 b - a +0 plate armour
 i - a +0 ring mail of cold resistance (worn)
Scrolls
 g - a scroll of torment {unknown}
 h - a scroll of summoning {unknown}
 l - a scroll of butterflies {unknown}
Potions
 c - a potion of attraction {unknown}
 e - 2 potions of curing {unknown}
 f - a potion of haste {unknown}
 k - a potion of berserk rage {unknown}

Dungeon Overview and Level Annotations

Branches:
Dungeon (2/15)

Altars:

Annotations:
D:2 1 runed translucent door, Crazy Yiuf


Message History

The orc priest shouts!
The orc shouts!
You hear a shout!
An orc comes into view. It is wielding a +0 falchion.
The orc priest hits you but does no damage.
You hit the orc priest.
You claw the orc priest, but do no damage.
Your peck misses the orc priest.
The orc priest is moderately wounded.
The orc priest hits you but does no damage.
You hit the orc priest. You peck the orc priest.
The orc priest is almost dead.
You hit the orc. You barely miss the orc. The orc barely misses you.
The orc priest looks braver for a moment.
The orc hits you with a +0 flail.
You hit the orc priest but do no damage.
You claw the orc priest.
You kill the orc priest!
You hit the orc. You closely miss the orc. The orc hits you with a +0 mace.
The orc barely misses you.
The orc hits you from afar with a +0 trident.
Your Axes skill increases to level 5!
You hit the orc.
You kill the orc!
You hit the orc. You hit the orc priest. The orc barely misses you.
The orc priest hits you with a +0 club.
You closely miss the orc.
The orc is heavily wounded.
You barely miss the orc. You barely miss the orc priest.
The orc barely misses you. The orc closely misses you.
The orc priest hits you with a +0 club. The orc closely misses you.
You hit the orc.
The orc is severely wounded.
You hit the orc. You closely miss the orc priest.
The orc hits you with a +0 mace. The orc closely misses you.
The orc priest misses you. The orc completely misses you.
2050 ||| READING scroll of teleportation.
As you read the scroll of teleportation, it crumbles to dust.
You feel strangely unstable. The orc hits you with a +0 mace.
You die...

#..........#......
##................
#..........#.....
#................
#.........#..###.
###.........##.....
#...#######.##.....
#####...######<.#####..
#....o@........#####...
#.#..ooo..#... #......
#.#..o#.# # #......
#.......# .##...[..
#.......# .........
#.......# .........
#.#...#.# ###......
#.......# #......
#......


You could see an orc priest and 4 orcs.

Vanquished Creatures
  An orc priest (D:2)
  2 worms (D:2)
  An orc (D:2)
  3 bats
  8 endoplasms
  A giant cockroach (D:1)
  8 goblins
  6 hobgoblins
  7 jackals
  A quokka (D:1)
  3 ball pythons
  A frilled lizard (D:1)
  2 kobolds (D:2)
  A rat (D:1)
45 creatures vanquished.

Notes
Turn   | Place    | Note
-------+----------+-------------------------------------------
     0 | D:1      | qw the Tengu Warper began the quest for the Orb.
     0 | D:1      | Reached XP level 1. HP: 12/12 MP: 4/4
     0 | D:1      | 0 ||| qw: Version: 0.1-a-89-g26bdef1
     0 | D:1      | 0 ||| qw: Game counter: 33
     0 | D:1      | 0 ||| qw: Always use a shield: true
     0 | D:1      | 0 ||| qw: God list: Okawaru
     0 | D:1      | 0 ||| qw: Allow faded altars: false
     0 | D:1      | 0 ||| qw: Do Orc after D:15 true
     0 | D:1      | 0 ||| qw: Do second Lair branch before Depths: true
     0 | D:1      | 0 ||| qw: Lair rune preference: random
     0 | D:1      | 0 ||| qw: Plans: Normal
     0 | D:1      | 0 ||| PLANNING D:1-11
    34 | D:1      | 34 ||| Stepping ~*~*~tactically~*~*~ (stealth).
    68 | D:1      | 68 ||| Stepping ~*~*~tactically~*~*~ (stealth).
    70 | D:1      | Reached XP level 2. HP: 17/17 MP: 6/6
    74 | D:1      | Reached skill level 3 in Axes
   139 | D:1      | 139 ||| Stepping ~*~*~tactically~*~*~ (stealth).
   178 | D:1      | 178 ||| Stepping ~*~*~tactically~*~*~ (stealth).
   553 | D:1      | Reached XP level 3. HP: 21/21 MP: 7/7
   824 | D:1      | Reached skill level 4 in Axes
  1071 | D:1      | 1071 ||| UPGRADING to +0 ring mail.
  1081 | D:1      | 1081 ||| DROPPING +0 leather armour.
  1082 | D:1      | 1082 ||| UPGRADING to +0 ring mail of cold resistance.
  1092 | D:1      | 1092 ||| DROPPING +0 ring mail.
  1093 | D:1      | 1093 ||| READING scroll labelled KITYGUJ UN NUHULU.
  1094 | D:1      | 1094 ||| READING scroll labelled OSSERCHAPNA.
  1095 | D:1      | 1095 ||| READING scroll labelled ENWATO RUJ JAM.
  1099 | D:1      | 1099 ||| READING scroll labelled HITUEC OLASE.
  1100 | D:1      | 1100 ||| DROPPING scroll of blinking.
  1152 | D:2      | 1152 ||| FLEEEEING.
  1153 | D:2      | 1153 ||| FLEEEEING.
  1525 | D:2      | Found a faded altar of an unknown god.
  1909 | D:2      | Reached XP level 4. HP: 26/26 MP: 8/8
  1945 | D:2      | Found a runed translucent door.
  1947 | D:2      | 1947 ||| DROPPING +0 club.
  1948 | D:2      | 1948 ||| DROPPING +0 hammer.
  1949 | D:2      | Noticed Crazy Yiuf
  1952 | D:2      | 1952 ||| DROPPING +2 hammer of venom.
  2047 | D:2      | Reached skill level 5 in Axes
  2049 | D:2      | HP: 4/26 [orc/+0 mace (5)]
  2050 | D:2      | 2050 ||| READING scroll of teleportation.
  2050 | D:2      | Slain by an orc

Levels and vault maps discovered:
D:1:      dpeg_arrival_short_road, layout_loops_ring, item_on_display_a
D:2:      cheibrodos_pilgrimage, layout_rooms,
          hellmonk_ecumenical_altar_lost_god, minmay_pentomino_pile,
          uniq_crazy_yiuf_cottage

Skill      XL: |  1  2  3  4 |
---------------+-------------+-----
Axes           | 3 4 5 |  5.1
Fighting       | |  2.0
Throwing       | |  1.0
Armour         | |  1.1
Dodging        | |  2.1
Spellcasting   | |  2.0
Translocations | |  2.4

Action                   |  1- 3 |  4- 6 || total
-------------------------+-------+-------++-------
Melee: Hand axe          |    83 |     6 ||    89
       Kick              |    22 |     2 ||    24
       Peck              |    14 |     1 ||    15
       Punch             |     3 |       ||     3
Throw: Boomerang         |     7 |       ||     7
       Javelin           |     4 |     1 ||     5
  Use: Scroll            |     4 |     1 ||     5
Armor: Leather armour    |     9 |       ||     9
       Ring mail         |     5 |     2 ||     7
Dodge: Dodged            |    22 |     9 ||    31

Table legend:
 A = Non-vault XP
 B = Vault XP
 C = Vault XP percentage of total XP
 D = Non-vault monster count
 E = Vault monster count
 F = Vault count percentage of total count
                 A         B        C        D         E       F
            +---------+---------+-------+---------+---------+-------
      Total |      76 |      52 |  40.6 |      40 |       5 |  11.1
            +---------+---------+-------+---------+---------+-------
        D:1 |      47 |       0 |   0.0 |      26 |       0 |   0.0
        D:2 |      29 |      52 |  64.2 |      14 |       5 |  26.3
            +---------+---------+-------+---------+---------+-------
